 Dungeon Crawl Stone Soup version 0.29.1-15-g9cfb28693d (webtiles) character file.

Game seed: 4520746630155137301

29 Peloso the Covered (level 3, 33/33 HPs)
             Began as a Minotaur Fighter on Apr 22, 2023.
             Got out of the dungeon alive.
             The game lasted 00:01:26 (1397 turns).

Peloso the Covered (Minotaur Fighter)               Turns: 1397, Time: 00:01:27

Health: 33/33      AC:  7    Str: 19    XL:     3   Next: 1%
Magic:  2/2        EV:  9    Int:  9    God:
Gold:   109        SH:  4    Dex: 10    Spells: 2/2 levels left

rFire   . . .      SeeInvis .   a - +0 long sword
rCold   . . .      Faith    .   c - +0 buckler
rNeg    . . .      Spirit   .   b - +0 scale mail
rPois   .          Reflect  .   (helmet restricted)
rElec   .          Harm     .   (no cloak)
rCorr   .          Rampage  .   (no gloves)
Will    .....                   (no boots)
Stlth   ..........              (no amulet)
HPRegen 0.11/turn               (no ring)
MPRegen 0.08/turn               (no ring)

@: no status effects
A: horns 2, retaliatory headbutt, clever 1
a: no special abilities


You escaped.
You visited 1 branch of the dungeon, and saw 1 of its levels.

You collected 109 gold pieces.

Inventory:

Hand Weapons
 a - a +0 long sword (weapon)
Armour
 b - a +0 scale mail (worn)
 c - a +0 buckler (worn)
Jewellery
 f - a +4 ring of evasion
 l - a ring of positive energy
Scrolls
 e - 2 scrolls of identify {unknown}
 j - a scroll of blinking {unknown}
Potions
 d - a potion of might
 g - a potion of ambrosia
 k - a potion of invisibility {unknown}


   Skills:
 + Level 4.0 Fighting
 + Level 2.9 Long Blades
 + Level 4.1 Armour
 + Level 0.1 Dodging
 + Level 4.1 Shields


You had 2 spell levels left.
You didn't know any spells.
Your spell library was empty.

Dungeon Overview and Level Annotations

Branches:
Dungeon (1/15)

Altars:


Innate Abilities, Weirdness & Mutations

You have a pair of horns on your head.
You reflexively headbutt those who attack you in melee.
Your mind is acute. (Int +4, Str/Dex -1)


Message History

Your transformation is almost over.
HP restored.
You feel less wooden.
Your +0 scale mail unmelds from your body.
You start waiting.
Done waiting.
You start waiting.
Done waiting.
Things that are here:
a +0 short sword; a kobold skeleton Done exploring.
Done exploring.
(D) Dungeon
Where to? (? - help)
What level of the Dungeon? (default 1, ? - help)
There is an open door here.
Things that are here:
a +0 dagger; 4 stones; a kobold skeleton You see here a ball python skeleton.
A rat comes into view.
There is an open door here.
The rat barely misses you. You furiously retaliate!
You headbutt the rat!
You kill the rat!
You see here a rat corpse.
(D) Dungeon
Where to? (Enter - D:1 @ (x,y), ? - help)
Okay, then.
(D) Dungeon
Where to? (Enter - D:1 @ (x,y), ? - help)
What level of the Dungeon? (default 1, ? - help)
There is an open door here.
You see here a +0 dagger.
You open the door.
There is an open door here.
You enter the shallow water.
Moving in this stuff is going to be slow.
There is an open door here.
There is a staircase leading out of the dungeon here.
Are you sure you want to leave the Dungeon?
This will make you lose the game!
You have escaped!

...####.########.##### #........
...###..####.........############
...##..##...####'####...##
...##.##.####≈≈~~~≈≈####.##
...#..#.## #≈~...~~# ##.#
####.##.# #.......# #.##
#.#.#########'#########.######
#.#.#..#...........#..#.#.....
#.#.'..+.....@.....'..'.#.#.##
#.#.#..#)..........#..#.#.#.#
#.#.#########'#########.#.#.#
#.##.# #.......# #.##.#.##
#..#.## #≈~...~~# ##.##.#...
##.##.####≈~~~~≈≈####.###.###.
#..##...#########...## #.# #.
##..####.........#######.# #.
##.# #####.#####.......# #.


There were no monsters in sight!

Vanquished Creatures
  2 dart slugs (D:1)
  An endoplasm (D:1)
  3 goblins (D:1)
  4 hobgoblins (D:1)
  5 kobolds (D:1)
  4 ball pythons (D:1)
  2 frilled lizards (D:1)
  2 rats (D:1)
23 creatures vanquished.

Notes
Turn   | Place    | Note
-------+----------+-------------------------------------------
     0 | D:1      | Peloso the Minotaur Fighter began the quest for the Orb.
     0 | D:1      | Reached XP level 1. HP: 19/19 MP: 0/0
   345 | D:1      | Reached XP level 2. HP: 27/27 MP: 1/1
  1058 | D:1      | Reached XP level 3. HP: 33/33 MP: 2/2
  1060 | D:1      | Gained mutation: Your mind is acute. (Int +4, Str/Dex -1)
                  | [potion of mutation]
  1397 | D:$      | Got out of the dungeon alive.

Illustrated notes

Levels and vault maps discovered:
D:1:      dpeg_arrival_yet_another_circle, layout_basic

Skill      XL: |  1  2 |
---------------+-------+-----
Fighting       | 4 |  4.0
Armour         | 4 |  4.1
Shields        | 4 |  4.1
Long Blades    | |  2.9
Dodging        | |  0.1

Action                   || total
-------------------------++-------
Melee: Long sword        ||    62
       Headbutt          ||     9
  Use: Potion            ||     3
Armor: Scale mail        ||    33
Dodge: Dodged            ||    24
Block: Buckler           ||    14
